 Dungeon Crawl Stone Soup version 0.25-a0-41-g6cf4ce537d (webtiles) character file.

Game seed: 3536382371885252629, levelgen mode: deterministic

1992 inmateoo the Fighter (level 9, -6/97 HPs)
             Began as an Ogre Berserker on Oct 21, 2019.
             Was an Elder of Trog.
             Hit by a boomerang thrown by an orc warrior (18 damage)
             ... on level 6 of the Dungeon.
             The game lasted 00:05:12 (5335 turns).

inmateoo the Fighter (Ogre Berserker)               Turns: 5335, Time: 00:05:12

Health: -6/97      AC:  6    Str: 25    XL:     9   Next: 21%
Magic:  9/9        EV:  8    Int:  8    God:    Trog [****..]
Gold:   171        SH: 15    Dex:  9    Spells: 8/8 levels left

rFire    . . .     SeeInvis .   j - +1 trident (vamp)
rCold    . . .     Gourm    .   a - +0 large shield
rNeg     . . .     Faith    .   b - +0 animal skin
rPois    .         Spirit   .   (helmet restricted)
rElec    .         Reflect  .   n - +2 cloak {MR+}
rCorr    .         Harm     .   (gloves unavailable)
MR       +++..                  (boots unavailable)
Stlth    +.........             (no amulet)
HPRegen  1.26/turn              (no ring)
MPRegen  0.11/turn              (no ring)

@: regenerating
A: large, unfitting armour, tough skin 1
a: Berserk, Trog's Hand, Brothers in Arms, Renounce Religion


You were on level 6 of the Dungeon.
You worshipped Trog.
Trog was greatly pleased with you.
You were hungry.

You visited 1 branch of the dungeon, and saw 6 of its levels.

You collected 314 gold pieces.
You spent 143 gold pieces at shops.

Inventory:

Hand Weapons
 j - a +1 vampiric trident (weapon)
Missiles
 q - 130 stones (quivered)
Armour
 a - a +0 large shield (worn)
 b - a +0 animal skin (worn)
 n - a +2 cloak of magic resistance (worn)
Wands
 m - a wand of digging (5)
 r - a wand of acid (15)
 w - a wand of enslavement (4)
Scrolls
 d - 5 scrolls of remove curse {unknown}
 e - 8 scrolls of identify {unknown}
 h - 2 scrolls of noise {unknown}
 k - 2 scrolls of amnesia {unknown}
 o - 2 scrolls of teleportation {unknown}
 p - 3 scrolls of blinking {unknown}
 t - a scroll of magic mapping {unknown}
 y - a scroll of fog {unknown}
Potions
 f - 2 potions of brilliance {unknown}
 g - 3 potions of haste {unknown}
 i - 3 potions of berserk rage {unknown}
 l - a potion of heal wounds {unknown}
 s - a potion of lignification {unknown}
 u - 2 potions of might
 v - a potion of flight
 z - a potion of magic {unknown}
Comestibles
 c - 9 rations
 x - 11 chunks of flesh


   Skills:
 + Level 8.7 Fighting
 * Level 8.3 Polearms
 + Level 5.0 Dodging
 + Level 4.1 Shields


You had 8 spell levels left.
You didn't know any spells.
Your spell library was empty.

Dungeon Overview and Level Annotations

Branches:
Dungeon (6/15)             Temple (0/1) D:6

Altars:
Elyvilon
Nemelex Xobeh
Okawaru
Qazlal

Shops:
D:4 *


Innate Abilities, Weirdness & Mutations

You are too large for most types of armour.
You have tough skin. (AC +1)


Message History

The orc warrior hits you with a +0 scimitar!
* * * LOW HITPOINT WARNING * * *
Unknown command.
Okay, then.
The orc warrior throws a boomerang.
You block the boomerang.
The weapon returns to the orc warrior!
Unknown command.
Your skin crawls.
You feel resistant to hostile enchantments.
You feel somewhat more hungry.
You are feeling hungry.
The orc warrior throws a boomerang.
The boomerang completely misses you.
The weapon returns to the orc warrior!
The orc warrior throws a boomerang.
You block the boomerang.
The weapon returns to the orc warrior!
Unknown command.
Unknown command.
Unknown command.
The orc warrior throws a boomerang.
The boomerang hits you!!
You die...

......
####.#.######.
###+##
#..!..........
#⌠.⌠# #)# #.>.+
#o# ⌠.⌠ #.# ###
#.# #.# #.# #.#
#@#
####.###########.#
.................#
.........#########
.######### ## #


You could see an orc warrior.

Vanquished Creatures
  Grinder (D:5)
  Edmund (D:4)
  An orc warrior (D:6)
  A sky beast (D:4)
  A phantom (D:6)
  2 centaurs
  A scorpion (D:4)
  6 crimson imps
  A hound (D:5)
  A jelly (D:6)
  8 orc priests
  8 orc wizards
  Crazy Yiuf (D:2)
  Natasha (twice) (D:3)
  7 worker ants
  A hound skeleton (D:4)
  A worker ant zombie (D:5)
  Robin (D:2)
  6 adders
  An ooze (D:3)
  An adder skeleton (D:4)
  4 worms
  3 dart slugs (D:1)
  3 leopard geckos
  21 orcs
  6 bats
  4 giant cockroaches
  14 goblins
  12 hobgoblins
  12 jackals
  6 kobolds
  2 quokkas (D:3)
  4 frilled lizards
  4 rats
  A fungus (D:2)
149 creatures vanquished.

Vanquished Creatures (others)
  An orc (D:6)
  A quokka (D:6)
  5 toadstools (D:1)
7 creatures vanquished.

Grand Total: 156 creatures vanquished

Notes
Turn   | Place    | Note
-------+----------+-------------------------------------------
     0 | D:1      | inmateoo the Ogre Berserker began the quest for the Orb.
     0 | D:1      | Reached XP level 1. HP: 24/24 MP: 1/1
   235 | D:1      | Reached XP level 2. HP: 24/33 MP: 2/2
   744 | D:1      | Reached XP level 3. HP: 32/40 MP: 3/3
  1287 | D:2      | Reached ** piety under Trog
  1535 | D:2      | Reached skill level 5 in Fighting
  1728 | D:2      | Reached XP level 4. HP: 50/50 MP: 4/4
  1787 | D:2      | Noticed Robin
  1818 | D:2      | Killed Robin
  1962 | D:2      | Found a runed translucent door.
  1963 | D:2      | Noticed Crazy Yiuf
  1970 | D:2      | Killed Crazy Yiuf
  1970 | D:2      | Reached XP level 5. HP: 59/59 MP: 5/5
  2354 | D:3      | Reached *** piety under Trog
  2622 | D:3      | Noticed Natasha
  2634 | D:3      | Killed Natasha
  2795 | D:3      | Found a sparkling altar of Nemelex Xobeh.
  2822 | D:3      | Noticed Natasha
  2833 | D:3      | Killed Natasha
  3045 | D:4      | Reached XP level 6. HP: 67/67 MP: 6/6
  3049 | D:4      | Reached skill level 5 in Polearms
  3091 | D:4      | Reached skill level 1 in Shields
  3575 | D:4      | Found Meigog's General Store.
  3589 | D:4      | Noticed Edmund
  3608 | D:4      | Killed Edmund
  3608 | D:4      | Reached XP level 7. HP: 69/76 MP: 1/7
  3616 | D:4      | Bought 2 potions of might for 104 gold pieces
  3616 | D:4      | Bought a potion of flight for 39 gold pieces
  4090 | D:5      | Entered Level 5 of the Dungeon
  4459 | D:5      | Noticed Grinder
  4476 | D:5      | Killed Grinder
  4476 | D:5      | Reached XP level 8. HP: 77/87 MP: 8/8
  4616 | D:5      | Reached **** piety under Trog
  4915 | D:6      | Found a stormy altar of Qazlal.
  5105 | D:6      | Found an iron altar of Okawaru.
  5110 | D:6      | Found a white marble altar of Elyvilon.
  5133 | D:6      | Reached XP level 9. HP: 94/97 MP: 9/9
  5230 | D:6      | Reached skill level 5 in Dodging
  5292 | D:6      | Found a staircase to the Ecumenical Temple.
  5335 | D:6      | Hit by a boomerang thrown by an orc warrior

Levels and vault maps discovered:
D:1:      ldierk_walled_garden, layout_basic
D:2:      layout_rooms, uniq_crazy_yiuf_cottage, uniq_robin
D:3:      layout_basic, chequers_arboretum, nemelex_lonely_heart_becter,
          uniq_natasha
D:4:      layout_basic, serial_shops, nicolae_shop_waterfront, glass_columns_b,
          minmay_misc_feat_secret_circle, uniq_edmund
D:5:      layout_rooms, first_ration, uniq_grinder
D:6:      layout_loops_ring, nemelex_xobeh_ov_fountains_minmay,
          nicolae_overflow_hidden_temple, temple_doors_e, basic_altar,
          elyvilon_altar_4

Skill      XL: |  1  2  3  4  5  6  7  8  9 |
---------------+----------------------------+-----
Fighting       | 5 6 7 8 |  8.7
Polearms       | 4 5 6 7 8 |  8.3
Dodging        | 3 4 5 |  5.0
Shields        | 1 2 3 4 |  4.1

Action                   |  1- 3 |  4- 6 |  7- 9 || total
-------------------------+-------+-------+-------++-------
Melee: Spear             |   118 |       |       ||   118
       Trident           |    48 |   181 |   326 ||   555
Invok: Berserk           |       |     1 |     4 ||     5
       Trog's Hand       |       |       |     1 ||     1
 Stab: Sleeping          |     2 |       |       ||     2
  Eat: Chunk             |     3 |     7 |    10 ||    20
Armor: Animal skin       |    34 |    34 |    57 ||   125
Dodge: Dodged            |    78 |    37 |    43 ||   158
Block: Large shield      |       |    61 |   188 ||   249

Table legend:
 A = Non-vault XP
 B = Vault XP
 C = Vault XP percentage of total XP
 D = Non-vault monster count
 E = Vault monster count
 F = Vault count percentage of total count
                 A         B        C        D         E       F
            +---------+---------+-------+---------+---------+-------
      Total |    2282 |     564 |  19.8 |     133 |      15 |  10.1
            +---------+---------+-------+---------+---------+-------
        D:1 |      39 |       0 |   0.0 |      20 |       0 |   0.0
        D:2 |      55 |      72 |  56.7 |      21 |      12 |  36.4
        D:3 |     111 |      36 |  24.5 |      23 |       1 |   4.2
        D:4 |     326 |     166 |  33.7 |      20 |       1 |   4.8
        D:5 |     656 |     290 |  30.7 |      21 |       1 |   4.5
        D:6 |    1095 |       0 |   0.0 |      28 |       0 |   0.0
            +---------+---------+-------+---------+---------+-------
